AoeStats
← Shadov

Arena

509522446Analyzed
4v4 RM · 6d ago on Sep 27, 2026· 53m 30s· 8 players
Game mode
Random Map
Map size
Large (8 player)
Population
200
Speed
Normal
Resources
Standard
Victory
Conquest
Starting age
Dark Age
Ending age
Imperial Age
RankedLock teamsTeams togetherTeam positionsShared explorationLock speedFull tech treeHidden civsTurbo modeCheats
Victory
Defeat
🇨🇦 Turks · Canada
784
+11
🇨🇦 Britons · Canada
670
+15
🇨🇦 Spanish · Canada
636
+17
🇨🇦 Chinese · Canada
614
+18
🇨🇱 Franks · Chile
708
-17
🇨🇱 Chinese · Chile
654
-15
🇨🇱 Slavs · Chile
644
-15
🇨🇱 Italians · Chile
622
-14
Matx108
7:23 Loom
10:05 Feudal Age
11:38 Double-Bit Axe
12:37 Horse Collar
13:17 Gold Mining
19:56 Castle Age
18:48 Stone Mining
26:00 Heavy Plow
26:11 Bow Saw
29:56 Detinets
34:09 Imperial Age
34:11 Cavalier
38:24 Husbandry
38:40 Bloodlines
39:21 Man-at-Arms
40:56 Fortified Wall
40:42 Murder Holes
41:16 Ballistics
40:30 Onager
42:15 Conscription
42:52 Crop Rotation
42:45 Squires
Blaskeer
10:40 Feudal Age
11:06 Double-Bit Axe
11:02 Horse Collar
11:59 Wheelbarrow
14:44 Gold Mining
17:30 Stone Mining
20:59 Castle Age
21:07 Pikeman
21:54 Heavy Plow
22:06 Bow Saw
22:34 Gold Shaft Mining
22:35 Stone Shaft Mining
22:01 Fletching
22:12 Padded Archer Armor
23:10 Light Cavalry
29:27 Scale Barding Armor
31:16 Crossbowman
34:13 Husbandry
35:23 Hand Cart
36:05 Masonry
38:01 Ballistics
37:54 Fortified Wall
52:57 Chain Barding Armor
Rigby
12:13 Feudal Age
13:51 Wheelbarrow
13:03 Town Watch
15:51 Scale Barding Armor
18:39 Double-Bit Axe
26:01 Castle Age
26:57 Husbandry
29:48 Bow Saw
36:10 Chain Barding Armor
40:53 Crossbowman
43:09 Town Patrol
Le_HollowSette
7:47 Loom
9:56 Feudal Age
10:37 Double-Bit Axe
10:44 Gold Mining
13:20 Horse Collar
20:09 Castle Age
19:06 Fletching
19:17 Padded Archer Armor
21:39 Heavy Plow
22:20 Stone Mining
23:17 Bow Saw
24:15 Stone Shaft Mining
24:42 Wheelbarrow
28:15 Hand Cart
29:22 Leather Archer Armor
30:14 Ballistics
34:19 Imperial Age
32:41 Squires
32:28 Arson
32:57 Forging
32:48 Scale Mail Armor
33:25 Bodkin Arrow
36:55 Thumb Ring
36:52 Bracer
37:30 Iron Casting
38:04 Two-Man Saw
40:56 Blast Furnace
40:13 Chain Mail Armor
41:05 Blast Furnace
42:19 Elite Genoese Crossbowman
47:49 Plate Mail Armor
47:20 Bracer
47:26 Bracer
48:30 Onager
kaipulla
11:38 Feudal Age
9:54 Loom
15:35 Castle Age
13:48 Double-Bit Axe
14:02 Horse Collar
15:15 Scale Mail Armor
15:29 Forging
19:48 Wheelbarrow
22:54 Bow Saw
22:47 Heavy Plow
26:26 Imperial Age
25:48 Wheelbarrow
24:59 Town Watch
26:32 Bow Saw
29:13 Chemistry
27:41 Pikeman
29:17 Halberdier
31:37 Squires
40:07 Hand Cart
39:53 Town Patrol
43:37 Ballistics
47:27 Iron Casting
47:10 Chain Mail Armor
48:51 Thumb Ring
48:07 Elite Skirmisher
50:20 Blast Furnace
49:51 Plate Mail Armor
49:12 Fletching
49:23 Padded Archer Armor
53:03 Gold Mining
54:13 Fortified Wall
wild bill_1234
10:56 Loom
12:42 Feudal Age
18:48 Castle Age
17:03 Double-Bit Axe
17:12 Horse Collar
17:35 Gold Mining
17:40 Stone Mining
18:47 Gold Mining
21:39 Pikeman
23:53 Squires
25:48 Bow Saw
25:36 Fletching
27:35 Murder Holes
28:10 Padded Archer Armor
34:28 Imperial Age
34:41 Masonry
34:55 Elite Longbowman
36:01 Conscription
36:18 Bodkin Arrow
41:25 Chemistry
42:37 Wheelbarrow
44:55 Two-Man Saw
45:36 Bracer
45:52 Leather Archer Armor
46:05 Ballistics
47:55 Hoardings
51:01 Ring Archer Armor
Idontcare
12:21 Feudal Age
10:52 Loom
13:47 Double-Bit Axe
17:09 Castle Age
15:07 Horse Collar
15:55 Gold Mining
17:42 Wheelbarrow
18:52 Bow Saw
19:51 Padded Archer Armor
23:40 Fletching
25:33 Bodkin Arrow
25:54 Leather Archer Armor
29:44 Imperial Age
28:12 Treadmill Crane
29:05 Murder Holes
30:50 Conscription
33:18 Artillery
37:17 Squires
37:02 Arson
39:12 Capped Ram
42:17 Hand Cart
49:48 Two-Man Saw
48:58 Heavy Plow
49:10 Heavy Camel Rider
50:02 Bloodlines
51:16 Bracer
51:46 Ring Archer Armor
51:27 Forging
Shadov
0:42 Loom
13:21 Feudal Age
17:41 Castle Age
15:57 Double-Bit Axe
17:35 Wheelbarrow
17:00 Horse Collar
18:21 Town Watch
20:49 Gold Mining
22:44 Hand Cart
22:51 Hand Cart
24:24 Stone Mining
26:38 Gold Shaft Mining
26:39 Stone Shaft Mining
28:54 Heated Shot
28:59 Murder Holes
29:09 Padded Archer Armor
29:05 Fletching
30:42 Caravan
34:02 Husbandry
34:12 Bloodlines
34:30 Great Wall
35:42 Heavy Plow
36:01 Leather Archer Armor
35:52 Scale Barding Armor
35:48 Scale Mail Armor
35:59 Forging
35:44 Bodkin Arrow
36:23 Ballistics
36:14 Fortified Wall
36:24 Herbal Medicine
40:04 Imperial Age
42:32 Chemistry
41:18 Arrowslits
41:23 Guard Tower
41:44 Masonry
41:32 Elite Chu Ko Nu
42:33 Conscription
41:45 Sappers
44:14 Thumb Ring
47:08 Rocketry
49:11 Heavy Rocket Cart
49:20 Cavalier
50:38 Ring Archer Armor
50:08 Bracer
50:44 Iron Casting
50:25 Chain Mail Armor
Connection lost

Rejoining the realm…

Still unreachable

The connection could not be restored.

Session expired

The server has moved on; the page needs a fresh start.